 Dungeon Crawl Stone Soup version 0.16-a0-4099-g0be755f (console) character file.

338 mauris the Changer (level 6, -1/43 HPs)
             Began as a Merfolk Transmuter on Feb 25, 2015.
             Slain by Eustachio
             ... wielding a +0 rapier
              (8 damage)
             ... on level 4 of the Dungeon.
             The game lasted 00:08:21 (4345 turns).

mauris the Changer (Merfolk Transmuter)             Turns: 4345, Time: 00:08:21

Health: -1/43      AC:  3    Str: 11      XL:     6   Next: 55%
Magic:  10/10      EV: 15    Int: 14      God:
Gold:   106        SH:  0    Dex: 10 (14) Spells: 2 memorised, 5 levels left

rFire  . . .     SeeInvis .     q - +3 scythe (freeze)
rCold  . . .     Clarity  .     e - +0 leather armour {MR+}
rNeg   . . .     SustAb   .     (no shield)
rPois  .         Gourm    .     (no helmet)
rElec  .         Spirit   .     (no cloak)
rCorr  .         Warding  .     (no gloves)
rMut   .         Stasis   .     (no boots)
MR     +....                    (no amulet)
Stlth  +.........               o - +3 ring of evasion
                                l - ring of flight

@: somewhat resistant to hostile enchantments, very unstealthy
A: change form in water, swift swim
a: Evoke Flight


You were on level 4 of the Dungeon.
You were hungry.

You visited 1 branch of the dungeon, and saw 4 of its levels.

You collected 106 gold pieces.

Inventory:

Hand weapons
 i - a +0 dagger of protection
 q - a +3 scythe of freezing (weapon)
Missiles
 b - 12 arrows
Armour
 e - a +0 leather armour of magic resistance (worn)
 r - a +0 shadow dragon armour
Jewellery
 l - a ring of flight (left hand)
 o - a +3 ring of evasion (right hand)
Scrolls
 f - 3 scrolls of enchant weapon
 s - a scroll of identify {@r1}
 t - a scroll of teleportation {@r4}
Potions
 g - a potion of haste {@q3}
 p - a potion of agility {unknown}
Books
 d - a book of Changes

   Spells                             Type                      Level
   a - Beastly Appendage              Transmutation                1
   b - Sticks to Snakes               Transmutation                2
   c - Spider Form                    Transmutation/Poison         3
   d - Ice Form                       Ice/Transmutation            4
   e - Blade Hands                    Transmutation                5
Comestibles
 a - 3 bread rations
 c - 4 fruits
 j - 4 meat rations
 m - a slice of pizza
 n - a beef jerky


   Skills:
 - Level 1.1 Fighting
 - Level 3.5 Short Blades
 + Level 3.6 Polearms
 - Level 2.6 Dodging
 - Level 3.4 Unarmed Combat
 - Level 2.0 Spellcasting
 + Level 6.8 Transmutations


You had 5 spell levels left.
You knew the following spells:

 Your Spells              Type           Power        Failure   Level  Hunger
a - Beastly Appendage     Trmt           ###...       1%          1    ##.....
b - Spider Form           Trmt/Pois      ##........   28%         3    ####...


Dungeon Overview and Level Annotations

Branches:
Dungeon (4/15)
 Temple: D:4-7

Altars:

Annotations:
D:4 Eustachio


Message History

You slash the quokka! You freeze the quokka.
You kill the quokka!
The quokka's corpse disappears in a puff of smoke!
Eustachio gestures wildly while chanting.
Eustachio blinks!
You completely miss Eustachio.
Eustachio is heavily wounded.
Eustachio hits you with a rapier. Eustachio closely misses you.
Damage: -5%(-2hp) hp: 35%(15hp)
You closely miss Eustachio.
Eustachio is heavily wounded.
Eustachio gestures wildly while chanting.
You closely miss Eustachio.
Eustachio is heavily wounded.
Eustachio hits you with a rapier!
* * * LOW HITPOINT WARNING * * *
The quasit bites you but does no damage.
The quasit barely misses you. The quasit completely misses you.
Eustachio hits you with a rapier!
You die...

## ####.#
##.....#############
........rgr@@5......#
##......####.###.#.##
### ##.#.#.#
#...>......... #
#.####..##........#
#r.............#..#
#..###..####.#.#..#
#..# #..# #.#.#..#
#..# #..####.#....#
...###.....#.#....#


You could see Eustachio, a quasit, a river rat, a goblin and a rat.

Vanquished Creatures
  Sigmund (D:2)
  A quasit (D:4)
  A crimson imp (D:3)
  An orc priest (D:3)
  2 orc wizards
  Ijyb (D:3)
  2 adders (D:2)
  2 giant mites (D:3)
  4 worms
  3 giant geckos
  3 orcs (D:3)
  11 goblins
  9 hobgoblins
  5 jackals
  4 quokkas
  2 ball pythons (D:3)
  9 bats
  3 giant cockroaches
  2 giant newts (D:1)
  13 kobolds
  9 rats
88 creatures vanquished.

Notes
Turn   | Place    | Note
--------------------------------------------------------------
     0 | D:1      | mauris, the Merfolk Transmuter, began the quest for the Orb.
     0 | D:1      | Reached XP level 1. HP: 15/15 MP: 3/3
    26 | D:1      | Huge Dmg: 4 Dmg
    28 | D:1      | Huge Dmg: 2 Dmg
    31 | D:1      | Huge Dmg: 2 Dmg
    63 | D:1      | Huge Dmg: 2 Dmg
   214 | D:1      | Huge Dmg: 3 Dmg
   274 | D:1      | Huge Dmg: 3 Dmg
   488 | D:1      | Huge Dmg: 3 Dmg
   489 | D:1      | Reached XP level 2. HP: 14/21 MP: 2/4
   497 | D:1      | Huge Dmg: 3 Dmg
   874 | D:1      | Reached skill level 4 in Transmutations
   876 | D:1      | Huge Dmg: 5 Dmg
   885 | D:1      | Huge Dmg: 5 Dmg
  1144 | D:1      | Reached skill level 1 in Short Blades
  1199 | D:1      | Huge Dmg: 5 Dmg
  1203 | D:1      | Reached XP level 3. HP: 19/26 MP: 4/6
  1539 | D:2      | Learned a level 3 spell: Spider Form
  1569 | D:2      | Huge Dmg: 6 Dmg
  1571 | D:2      | Huge Dmg: 4 Dmg
  1578 | D:2      | Huge Dmg: 2 Dmg
  1768 | D:2      | Noticed Sigmund
  1872 | D:2      | Reached XP level 4. HP: 24/32 MP: 7/7
  2055 | D:2      | Killed Sigmund
  2055 | D:2      | Reached skill level 5 in Transmutations
  2055 | D:2      | Reached XP level 5. HP: 35/37 MP: 1/9
  2855 | D:3      | Noticed Ijyb
  2867 | D:3      | Killed Ijyb
  2867 | D:3      | Reached skill level 1 in Polearms
  2961 | D:3      | Huge Dmg: 9 Dmg
  3060 | D:3      | Reached skill level 6 in Transmutations
  3233 | D:3      | Reached XP level 6. HP: 34/43 MP: 10/10
  3796 | D:4      | Huge Dmg: 11 Dmg
  3997 | D:3      | Huge Dmg: 6 Dmg
  3998 | D:3      | Huge Dmg: 7 Dmg
  4310 | D:4      | Noticed Eustachio
  4319 | D:4      | Huge Dmg: 9 Dmg
  4325 | D:4      | Huge Dmg: 9 Dmg
  4333 | D:4      | Huge Dmg: 9 Dmg
  4345 | D:4      | Slain by Eustachio

Action                   |  1- 3 |  4- 6 || total
-------------------------+-------+-------++-------
Melee: Unarmed           |    59 |    22 ||    81
       Dagger            |   100 |    84 ||   184
       Scythe            |       |   116 ||   116
 Cast: Beastly Appendage |    21 |    13 ||    34
       Spider Form       |       |     3 ||     3
  Use: Scroll            |     2 |     5 ||     7
       Potion            |     1 |     1 ||     2
 Stab: Sleeping          |       |     5 ||     5
  Eat: Chunk             |     3 |     9 ||    12

Vault maps used:
D:1:      dpeg_arrival_court
D:2:      uniq_sigmund
D:3:      first_bread, uniq_iyjb
D:4:      uniq_natasha, uniq_crazy_yiuf_cottage, uniq_pikel, uniq_eustachio
